 Dungeon Crawl Stone Soup version 0.18-a0-1523-gbe15c29 (webtiles) character file.

247342 namelastname112 the Spry (level 18, -8/160 HPs)
             Began as a Pale Draconian Gladiator on Mar 5, 2016.
             Was the Champion of Okawaru.
             Mangled by a deep elf blademaster
             ... wielding a +0 quick blade
              (12 damage)
             ... on level 3 of the Elven Halls on Mar 7, 2016.
             The game lasted 02:07:47 (52031 turns).

namelastname112 the Spry (DrGl)                    Turns: 52031, Time: 02:07:48

Health: -8/160     AC: 17    Str: 18    XL:     18   Next: 82%
Magic:  38/39      EV: 37    Int:  9    God:    Okawaru [******]
Gold:   1772       SH:  0    Dex: 27    Spells: 3 memorised, 18 levels left

rFire  + + .     SeeInvis .     W - +4 lajatang (speed)
rCold  . . .     Gourm    .     (armour unavailable)
rNeg   . . .     Faith    +     (shield currently unavailable)
rPois  +         Spirit   .     P - +2 hat
rElec  +         Dismiss  .     y - -2 cloak "Ruatt" {rElec rF+ MP+9 Dex+4}
rCorr  .         Reflect  .     E - +2 pair of gloves
SustAt .         Harm     .     w - +2 pair of boots {run}
MR     +....                    r - amulet of faith
Stlth  +++.......               J - ring of poison resistance
                                t - +4 ring of dexterity

@: short of breath, heroism, studying Throwing, quick, somewhat resistant to
hostile enchantments, fairly stealthy
A: breathe steam, unfitting armour, horns 1, fire resistance 1, wild magic 1,
cold-blooded, AC +10
a: Breathe Steam, Heroism, Finesse, Renounce Religion
}: 2/15 runes: decaying, abyssal


You were on level 3 of the Elven Halls.
You worshipped Okawaru.
Okawaru was exalted by your worship.
You were not hungry.

You visited 5 branches of the dungeon, and saw 32 of its levels.
You visited the Abyss 1 time.
You also visited: Bailey.

You collected 3565 gold pieces.
You spent 1793 gold pieces at shops.

Inventory:

Hand Weapons
 u - a +4 quarterstaff of crushing
 F - a +2 blowgun of evasion
 W - a +4 lajatang of speed (weapon)
Missiles
 H - 7 steel javelins (quivered)
 K - 6 needles of paralysis
 O - 7 needles of confusion
 R - 33 curare-tipped needles
 X - 5 poisoned javelins
 Z - 9 javelins of returning
Armour
 w - a +2 pair of boots of running (worn)
 y - the -2 cloak "Ruatt" (worn) {rElec rF+ MP+9 Dex+4}
   (Okawaru gifted it to you on level 3 of the Elven Halls)

   It affects your dexterity (+4).
   It protects you from fire.
   It insulates you from electricity.
   It affects your magic capacity (+9).
 E - a +2 pair of gloves (worn)
 M - a +2 cloak
 P - a +2 hat (worn)
Jewellery
 r - an amulet of faith (around neck)
 t - a +4 ring of dexterity (left hand)
 J - a ring of poison resistance (right hand)
Wands
 k - a wand of acid (10/15)
 C - a wand of acid (1/15)
 D - a wand of iceblast (11/15)
 G - a wand of teleportation (8/9)
 N - a wand of acid (4/15)
 Y - a wand of disintegration (1/24)
Scrolls
 a - 4 scrolls of enchant armour
 b - a scroll of amnesia
 i - 11 scrolls of identify
 j - 10 scrolls of remove curse
 l - 3 scrolls of teleportation
 n - a scroll of brand weapon
 s - a scroll of recharging
 v - 2 scrolls of magic mapping
 B - a scroll of enchant weapon
 V - a scroll of silence
Potions
 c - 2 potions of flight
 e - 5 potions of brilliance
 f - 2 potions of magic
 h - 7 potions of might
 m - 3 potions of curing
 p - 2 potions of cancellation
 A - a potion of berserk rage
 I - a potion of invisibility
 L - 2 potions of agility
 Q - 3 potions of resistance
Books
 z - a manual of Throwing
Miscellaneous
 x - a lamp of fire
 S - a fan of gales
 T - a lamp of fire
 U - a box of beasts
Comestibles
 d - 21 bread rations
 g - 3 meat rations
 o - 28 fruits


   Skills:
 + Level 14.0(19.0) Fighting
 - Level 14.6(19.6) Staves
 + Level 12.0(17.0) Throwing
 - Level 18.1(23.1) Dodging
 * Level 8.0 Spellcasting
 * Level 7.3 Charms
 * Level 9.3 Air Magic
 - Level 11.2 Invocations


You had 18 spell levels left.
You knew the following spells:

 Your Spells              Type           Power        Failure   Level  Hunger
a - Deflect Missiles      Chrm/Air       ####......   95%         6    #######
b - Haste                 Chrm           ####....     99%         6    #######
c - Ozocubu's Armour      Chrm/Ice       ###.....     26%         3    ###....


Dungeon Overview and Level Annotations

Branches:
Dungeon (15/15)            Temple (0/1) D:7            Lair (8/8) D:9
  Swamp (4/4) Lair:4        Snake (0/4) Lair:5        Slime (0/6) Lair:7
    Orc (2/2) D:11            Elf (3/3) Orc:2        Vaults (0/5) D:14
 Depths (0/5) D:15

Altars:
Ashenzari
Cheibriados
Elyvilon
Fedhas
Kikubaaqudgha
Makhleb
Nemelex Xobeh
Okawaru
Qazlal
Sif Muna
Trog
Vehumet
Xom
Yredelemnul
Zin
Beogh
Jiyva

Shops:
D:4 ?   D:9 }   D:13 :   Orc:2 *(([


Innate Abilities, Weirdness & Mutations

You can breathe blasts of scalding, opaque steam.
Your pale cyan-grey scales are hard (AC +10).
Your body does not fit into most forms of armour.
You are cold-blooded and may be slowed by cold attacks.
You have a pair of small horns on your head.
Your flesh is heat resistant.
Your spells are a little harder to cast, but a little more powerful.


Message History

Your tail-slap misses the deep elf blademaster.
The deep elf blademaster is almost dead.
The deep elf blademaster hits you with a quick blade!!
* * * LOW HITPOINT WARNING * * *
The deep elf blademaster misses you.
You barely miss the deep elf blademaster.
Your tail-slap misses the deep elf blademaster.
The deep elf blademaster is almost dead.
The deep elf blademaster hits you with a quick blade!
* * * LOW HITPOINT WARNING * * *
The deep elf blademaster hits you but does no damage.
Press: ? - help, v - describe, . - travel
Here: a deep elf blademaster, wielding two quick blades, wearing an encrusted ring mail and wearing a knobbly ruby ring (severely wounded)
The floor, spattered with blood.
Unknown command.
Unknown command.
You miss the deep elf blademaster.
The deep elf blademaster is severely wounded.
The deep elf blademaster hits you with a quick blade!
You die...

.#
#.*.....####(####...,,*,*
.##
#.#*#.....##(##.....##..#
..#
#..####....)|.....###...#
..#
#....###.........###....#
..#
#.....##..........#.....#
.##
#......#.........#......#
.#
#.......................#
##
#.......................#
#...........@e.....}.*..#
##........(.........E..##
##.............(.....##
##.......##..........#
##.......##........(..###
#.......##............#.#
#.....(##,.........###'$#
########,,.........##4e[#
*
*,,,**,,,,........##1e1)#


You could see a deep elf blademaster.

Vanquished Creatures
  A bone dragon (Swamp:4)
  A tentacled monstrosity (Abyss:3)
  A deep elf blademaster (Elf:3)
  2 deep elf master archers (Elf:3)
  4 thorn hunters
  Kirke (Lair:7)
  Roxanne (Swamp:3)
  6 deep elf sorcerers (Elf:3)
  An orc warlord (Orc:1)
  6 deep elf elementalists (Elf:3)
  The ghost of cireshan the Grappler, a journeyman TrMo of Qazlal (Lair:4)
  A wizard (Abyss:3)
  3 deep elf demonologists
  3 deep elf annihilators (Elf:3)
  A vault guard (D:14)
  5 deep elf death magi (Elf:3)
  2 fire dragons
  3 deep elf high priests
  Harold (Orc:1)
  17 hydras
  An ice dragon (D:15)
  3 ghost crabs
  3 catoblepae
  4 centaur warriors
  9 alligators
  8 dancing weapons
  11 death yaks
  7 tengu warriors (D:15)
  6 orc high priests
  12 deep elf knights
  4 skeletal warriors (D:12)
  2 unseen horrors
  2 swamp dragons
  13 deep elf archers
  3 spectral hydras (Swamp:4)
  Pikel (D:6)
  2 shambling mangroves
  7 oklob plants
  A phantasmal warrior (Swamp:4)
  5 large abominations (Abyss:3)
  11 starcursed masses (Abyss:3)
  4 harpies (D:15)
  5 hill giants
  7 orc sorcerers
  2 hornets
  6 orc knights
  21 ugly things
  4 cyclopes
  45 deep elf magi
  2 manticores
  2 griffons
  15 elephants
  4 centaur zombies
  6 black mambas
  A centaur skeleton (D:14)
  4 gargoyles
  A torpor snail (Lair:7)
  23 spiny frogs
  4 swamp worm zombies (Swamp:4)
  A yaktaur (D:15)
  A spiny frog (shapeshifter) (Elf:1)
  2 kobold demonologists (Swamp:3)
  5 komodo dragons
  A rime drake (shapeshifter) (Elf:1)
  A freezing wraith (D:14)
  4 spriggan druids
  A tengu conjurer (D:14)
  15 trolls
  4 hydra zombies (Swamp:4)
  8 giant leeches
  4 polar bears
  11 bog bodies
  3 two-headed ogres
  A harpy skeleton (D:15)
  5 alligator zombies (Swamp:4)
  A boulder beetle (Lair:8)
  32 slime creatures
  9 blink frogs
  2 spectral swamp dragons (Swamp:4)
  3 air elementals
  4 shadows
  A centaur simulacrum (D:15)
  10 redbacks (Lair:8)
  A water elemental (Elf:1)
  A ynoxinul (Abyss:3)
  15 spriggans
  A wyvern (Lair:6)
  2 wraiths
  A basilisk (Lair:1)
  60 yaks
  A fire elemental (Elf:1)
  A human (D:7)
  2 hungry ghosts
  4 hogs (Lair:7)
  2 steam dragons
  15 hippogriffs
  14 vampire mosquitoes
  2 mottled dragons (D:15)
  26 wolves
  12 insubstantial wisps
  29 swamp worms
  8 wargs
  2 small abominations (Abyss:3)
  A soldier ant (D:13)
  Duvessa (D:4)
  17 water moccasins
  8 porcupines
  8 black bears (Lair:8)
  5 ice beasts
  A sky beast (D:9)
  58 orc warriors
  8 swamp drakes
  A slave (D:6)
  16 wasps
  A necrophage (D:12)
  3 swamp dragon zombies (Swamp:4)
  8 phantoms
  21 ogres
  18 centaurs
  A big kobold (D:14)
  14 crocodiles
  24 giant frogs
  Blork the orc (D:4)
  2 earth elementals
  Dowan (D:4)
  A wyvern zombie (D:9)
  2 scorpions (D:13)
  A wyvern skeleton (D:15)
  24 killer bees
  9 wights
  5 electric eels
  8 howler monkeys
  7 crimson imps
  2 giant frog zombies
  A quasit (D:10)
  9 hounds
  4 jellies
  A giant frog skeleton (D:13)
  30 orc priests
  An iron imp (Abyss:3)
  30 orc wizards
  Jessica (D:2)
  3 iguanas
  8 worker ants
  Natasha (thrice) (D:2 D:4)
  2 spectral swamp drakes (Swamp:4)
  Terence (D:2)
  33 sheep
  A hound zombie (D:9)
  A hound skeleton (D:7)
  Robin (D:3)
  3 worker ant zombies
  3 gnolls (D:2)
  19 adders
  A swamp drake zombie (Swamp:4)
  44 river rats
  3 shadow imps (D:13)
  A white imp (Abyss:3)
  2 oozes
  An adder skeleton (D:4)
  9 worms
  2 dart slugs (D:3)
  7 giant geckos
  131 orcs
  2 ball pythons
  8 bats
  5 giant cockroaches
  15 goblins
  12 hobgoblins
  11 jackals
  4 quokkas
  7 giant newts
  A jackal skeleton (D:4)
  15 kobolds
  A quokka skeleton (D:7)
  8 rats
  7 briar patches (Swamp:2)
  A butterfly (Lair:2)
  2 plants (Lair:1)
1392 creatures vanquished.

Vanquished Creatures (collateral kills)
  2 orc warriors (Bailey)
2 creatures vanquished.

Vanquished Creatures (others)
  2 deep elf knights (Elf:3)
  A bog body (Swamp:3)
  A giant leech (Swamp:4)
  A small abomination (Abyss:3)
  2 insubstantial wisps (Swamp:4)
  A briar patch (Swamp:2)
  31 fungi
  9 plants
48 creatures vanquished.

Grand Total: 1442 creatures vanquished

Notes
Turn   | Place    | Note
--------------------------------------------------------------
     0 | D:1      | namelastname112 the Draconian Gladiator began the quest for the Orb.
     0 | D:1      | Reached XP level 1. HP: 17/17 MP: 1/1
   243 | D:1      | Reached XP level 2. HP: 13/25 MP: 2/2
  1016 | D:1      | Reached skill level 3 in Dodging
  1366 | D:2      | Reached XP level 3. HP: 30/30 MP: 3/3
  1745 | D:2      | Noticed Jessica
  1754 | D:2      | Killed Jessica
  1754 | D:2      | Reached XP level 4. HP: 28/38 MP: 4/4
  1981 | D:2      | Noticed Natasha
  1988 | D:2      | Killed Natasha
  2151 | D:2      | Reached XP level 5. HP: 40/45 MP: 5/5
  2553 | D:3      | Noticed Terence
  2575 | D:2      | Killed Terence
  2952 | D:3      | Found a bloodstained altar of Trog.
  3011 | D:3      | Reached skill level 5 in Staves
  3430 | D:3      | Noticed a moth of wrath
  3433 | D:3      | Found a bloodstained altar of Trog.
  3435 | D:3      | Noticed Robin
  3475 | D:3      | Reached XP level 6. HP: 33/52 MP: 6/6
  3600 | D:3      | Killed Robin
  3898 | D:3      | Found a shimmering altar of Xom.
  4291 | D:4      | Reached skill level 4 in Dodging
  4421 | D:4      | Found a shattered altar of Ashenzari.
  4501 | D:4      | Noticed Blork the orc
  4521 | D:4      | Killed Blork the orc
  4521 | D:4      | Your scales start taking on a pale cyan-grey colour.
  4521 | D:4      | Reached XP level 7. HP: 28/60 MP: 7/7
  4729 | D:4      | Found Zaaleh's Magic Scroll Boutique.
  4745 | D:4      | Bought a scroll of blinking for 105 gold pieces
  4757 | D:4      | Noticed Duvessa
  4766 | D:4      | Noticed Dowan
  4768 | D:4      | Killed Duvessa
  4780 | D:4      | Killed Dowan
  4780 | D:4      | Reached skill level 5 in Fighting
  4889 | D:4      | Found a blossoming altar of Fedhas.
  4940 | D:4      | Noticed Natasha
  4950 | D:4      | Killed Natasha
  5020 | D:4      | Noticed Natasha
  5027 | D:4      | Killed Natasha
  5132 | D:5      | Entered Level 5 of the Dungeon
  5293 | D:5      | Reached skill level 5 in Dodging
  5293 | D:5      | Reached XP level 8. HP: 55/70 MP: 8/8
  5449 | D:5      | Found a deep blue altar of Sif Muna.
  5567 | D:5      | Found an iron altar of Okawaru.
  5595 | D:5      | Became a worshipper of Warmaster Okawaru
  5951 | D:6      | Reached skill level 1 in Invocations
  6358 | D:6      | Noticed Pikel
  6367 | D:6      | Killed Pikel
  6367 | D:6      | Reached * piety under Okawaru
  6503 | D:6      | Found a snail-covered altar of Cheibriados.
  6504 | D:6      | Found a burning altar of Makhleb.
  6505 | D:6      | Found a stormy altar of Qazlal.
  6505 | D:6      | Found a glowing silver altar of Zin.
  6505 | D:6      | Found a white marble altar of Elyvilon.
  6509 | D:6      | Found a basalt altar of Yredelemnul.
  6604 | D:7      | Reached XP level 9. HP: 58/78 MP: 10/10
  6865 | D:7      | Reached ** piety under Okawaru
  7098 | D:7      | Found a staircase to the Ecumenical Temple.
  7214 | D:7      | Reached skill level 6 in Dodging
  7269 | D:7      | Found an ancient bone altar of Kikubaaqudgha.
  7974 | D:8      | Reached *** piety under Okawaru
  8148 | D:8      | Reached XP level 10. HP: 86/86 MP: 13/13
  8425 | D:9      | Reached skill level 10 in Staves
  8463 | D:9      | Found a staircase to the Lair.
  8488 | D:9      | Reached **** piety under Okawaru
  8491 | D:9      | Reached skill level 5 in Invocations
  8593 | D:9      | Found Itwugaoc's Gadget Shoppe.
  8692 | D:10     | Entered Level 10 of the Dungeon
  8971 | D:10     | Reached skill level 7 in Dodging
  9750 | D:11     | Reached skill level 5 in Throwing
 10066 | D:11     | Noticed a four-headed hydra
 10079 | D:11     | Killed a four-headed hydra
 10111 | D:11     | Noticed a hill giant
 10140 | D:11     | Killed a hill giant
 10140 | D:11     | Reached XP level 11. HP: 30/95 MP: 15/15
 10469 | D:11     | Reached ***** piety under Okawaru
 10521 | D:11     | Noticed a hill giant
 10565 | D:10     | Killed a hill giant
 10712 | D:11     | Received a gift from Okawaru
 10816 | D:11     | Found a staircase to the Orcish Mines.
 10964 | D:11     | Noticed a hill giant
 10975 | D:11     | Killed a hill giant
 11406 | D:12     | Reached skill level 8 in Dodging
 11420 | D:12     | Noticed a brown ugly thing
 11429 | D:12     | Killed a brown ugly thing
 11429 | D:12     | Received a gift from Okawaru
 11849 | D:12     | Noticed a skeletal warrior
 11851 | D:12     | Noticed a skeletal warrior
 11876 | D:12     | Killed a skeletal warrior
 12540 | D:12     | Killed a skeletal warrior
 12901 | D:12     | Reached XP level 12. HP: 101/106 MP: 17/17
 13024 | D:12     | Reached skill level 10 in Fighting
 13297 | D:12     | Received a gift from Okawaru
 13418 | D:13     | Found a flagged portal.
 13420 | D:13     | Found Boazong's Book Boutique.
 13430 | D:13     | Got a blackened halberd
 13433 | Bailey   | Entered a bailey
 13716 | Bailey   | Identified the +5 halberd of Wocazo {holy, Int+4} (You found it on level 13 of the Dungeon)
 14404 | D:13     | Noticed a centaur warrior
 14418 | D:13     | Killed a centaur warrior
 14418 | D:13     | Received a gift from Okawaru
 14430 | D:13     | Got a shimmering battleaxe {god gift}
 14432 | D:13     | Identified the +4 battleaxe of Veotre {flame, Int+4} (Okawaru gifted it to you on level 13 of the Dungeon)
 14987 | D:13     | Noticed a centaur warrior
 15005 | D:13     | Killed a centaur warrior
 15536 | D:14     | Reached skill level 9 in Dodging
 15853 | D:13     | Received a gift from Okawaru
 16211 | D:14     | Found a sparkling altar of Nemelex Xobeh.
 16705 | D:14     | Reached XP level 13. HP: 115/115 MP: 19/19
 17027 | D:14     | Noticed a fire dragon
 17488 | Orc:1    | Entered Level 1 of the Orcish Mines
 18128 | Orc:1    | Received a gift from Okawaru
 18210 | Orc:1    | Noticed Harold
 18226 | Orc:1    | Killed Harold
 18407 | Orc:2    | Entered Level 2 of the Orcish Mines
 19076 | Orc:2    | namelastname112: ты устал чели?
 19109 | Orc:2    | xeno23: рц переписывал
 19117 | Orc:2    | namelastname112: а
 19117 | Orc:2    | xeno23: заебался пробел теребить
 19117 | Orc:2    | namelastname112: хех
 19117 | Orc:2    | namelastname112: а я говорил
 19192 | Orc:2    | Found a roughly hewn altar of Beogh.
 19220 | Orc:2    | xeno23: бле
 19235 | Orc:2    | xeno23: это так непривычно
 19238 | Orc:2    | Received a gift from Okawaru
 19265 | Orc:2    | xeno23: палец так и тянется к пробелу
 19350 | Orc:2    | namelastname112: лел
 19350 | Orc:2    | namelastname112: да
 19350 | Orc:2    | namelastname112: есть такое
 19463 | Orc:2    | Found Qohid's Antique Weapon Boutique.
 19466 | Orc:2    | Found Ficwoz's Armour Shop.
 19492 | Orc:2    | Bought a +0 pair of boots of stealth for 138 gold pieces
 19584 | Orc:2    | Bought a glowing blowgun for 70 gold pieces
 19843 | Orc:2    | Reached skill level 10 in Invocations
 19968 | Orc:2    | Found a staircase to the Elven Halls.
 20149 | Orc:2    | Reached ****** piety under Okawaru
 20149 | Orc:2    | Received a gift from Okawaru
 20234 | Orc:2    | xeno23: ну
 20239 | Orc:2    | xeno23: бросай посохи
 20239 | Orc:2    | xeno23: хуйня же
 20239 | Orc:2    | namelastname112: не хочу
 20239 | Orc:2    | namelastname112: у меня уже лыжа пиздатая
 20674 | Orc:2    | Noticed an orc warlord
 21117 | Orc:1    | Killed an orc warlord
 21187 | Orc:2    | Found a roughly hewn altar of Beogh.
 21331 | Orc:2    | Reached skill level 10 in Dodging
 21408 | Orc:2    | Found Qaexzy's Weapon Shop.
 21609 | Orc:2    | Found Vacsoi's Assorted Antiques.
 21933 | Orc:2    | Wingboner: Спидовый!
 21936 | Orc:2    | Wingboner: До 0.2 срубает скорость?
 21936 | Orc:2    | namelastname112: не знаю пока
 21936 | Orc:2    | Wingboner: Не пробовал с файнесом?
 21936 | Orc:2    | namelastname112: финесс не врубал
 21936 | Orc:2    | namelastname112: бля
 21936 | Orc:2    | namelastname112: окавару пиздец мудила
 21936 | Orc:2    | Wingboner: Почто?
 21936 | Orc:2    | namelastname112: подарил мне щит оф резистанс
 21936 | Orc:2    | namelastname112: а я посохоюзер
 21936 | Orc:2    | Wingboner: Кек.
 21936 | Orc:2    | Wingboner: Так переквалифицируйся в управдомы.
 21936 | Orc:2    | namelastname112: пидор просто
 21936 | Orc:2    | namelastname112: не хочу полярмами
 21936 | Orc:2    | Wingboner: Возьми посох земли, вкачай школу и эвоки и вперёд.
 21936 | Orc:2    | namelastname112: вот еще зонгулдрок продается
 21936 | Orc:2    | namelastname112: кстати
 21938 | Orc:2    | namelastname112: только стоит много
 21943 | Orc:2    | Wingboner: Плётку ещё можешь демоническую взять.
 21943 | Orc:2    | namelastname112: вопрос
 21943 | Orc:2    | Wingboner: Или ивнингстар.
 21943 | Orc:2    | namelastname112: он с гозагом работает?
 21944 | Orc:2    | Wingboner: Интересный вопрос. Сейчас проверю.
 21944 | Orc:2    | Wingboner: А сколько миндилей на лыжу?
 21944 | Orc:2    | namelastname112: 0.4 вон
 21946 | Orc:2    | namelastname112: ну
 21946 | Orc:2    | namelastname112: это спидовый
 21946 | Orc:2    | namelastname112: обычный 0.6 я дума.
 21946 | Orc:2    | namelastname112: ю
 22101 | Orc:2    | xeno23: бля
 22106 | Orc:2    | xeno23: одного хода не хватило чтоб рояль стабнуть
 22106 | Orc:2    | namelastname112: проснулось?
 22111 | Orc:2    | Wingboner: Гозаг важнее. Меч не работает
 22140 | Orc:2    | xeno23: надо было степаться
 22147 | Orc:2    | Reached XP level 14. HP: 120/125 MP: 21/21
 22173 | Orc:2    | Wingboner: Превращаются трупы в деньги.
 22305 | Orc:2    | Wingboner: Не, я о том, сколько скилла надо.
 22333 | Orc:2    | namelastname112: 13
 22333 | Orc:2    | namelastname112: 14
 22333 | Orc:2    | namelastname112: 14 надо
 22420 | Orc:2    | Wingboner: Ну так у тебя уже.
 22431 | Orc:2    | Wingboner: Фигли ты.
 22630 | Orc:1    | xeno23: ммм
 22769 | Orc:1    | xeno23: вот не зря я палку паралича и свиток МР- таскал
 22769 | Orc:1    | xeno23: лол
 22792 | Orc:2    | namelastname112: лол
 22792 | Orc:2    | namelastname112: а ты грил
 22792 | Orc:2    | namelastname112: что эвоки параша
 23056 | D:10     | Wingboner: о_О
 23081 | Lair:1   | Entered Level 1 of the Lair of Beasts
 23128 | Lair:1   | Wingboner: Эвоки отличный скилл, но только если есть чего ими использовать.
 23255 | Lair:1   | Wingboner: Например, если рано нашёл кольцо хикки/амулет озверина.
 23272 | Lair:1   | namelastname112: ну вот да
 23272 | Lair:1   | namelastname112: главное инструменты иметь
 23301 | Lair:1   | Received a gift from Okawaru
 23853 | Lair:1   | Wingboner: Сходить к Пакелласу за родами может каждый мили!
 24043 | Lair:1   | Received a gift from Okawaru
 24450 | Lair:1   | namelastname112: бля
 24450 | Lair:1   | namelastname112: эта лыжа просто все унижает
 24951 | Lair:2   | Wingboner: Дык.
 25056 | Lair:2   | Wingboner: Только защита у тебя не оче.
 25133 | Lair:2   | namelastname112: ну это да
 25133 | Lair:2   | namelastname112: скоро унижать будут меня
 25414 | Lair:2   | Wingboner: Но с такой ловкостью я б сейчас вырубил к лошадиным пенисам всё, кроме доджа.
 25504 | D:9      | Wingboner: Там 30-35 быстро вкачать можно, и дальше вообще нормально жить.
 25634 | D:13     | Bought a manual of Throwing for 1324 gold pieces
 26010 | Lair:3   | Received a gift from Okawaru
 26013 | Lair:3   | Wingboner: Лол. Не удивлюсь, если щит там валяется of resistance.
 26058 | Lair:3   | Reached skill level 11 in Dodging
 26106 | Lair:3   | Wingboner: А сделай-ка ctrl+f arti
 26119 | Lair:3   | Wingboner: Миленько.
 26540 | Lair:3   | Wingboner: Твою лыжу можно через { обозвать "Разуплотнитель".
 26697 | Lair:4   | Noticed cireshan's ghost (journeyman TrMo)
 26713 | Lair:4   | Killed cireshan's ghost
 26719 | Lair:4   | namelastname112: сожрал тролля
 26719 | Lair:4   | namelastname112: как нехуй
 26719 | Lair:4   | namelastname112: лол
 26789 | Lair:4   | Wingboner: Он по тебе и не попал ни разу.
 26915 | Lair:4   | Received a gift from Okawaru
 27181 | Lair:4   | Reached skill level 12 in Dodging
 27708 | Lair:4   | Found a staircase to the Swamp.
 28137 | Lair:5   | Found a staircase to the Snake Pit.
 28438 | Lair:5   | Received a gift from Okawaru
 28457 | Lair:5   | Wingboner: Святые сандалеты!
 28461 | Lair:5   | Got a pair of pitted boots {god gift}
 28472 | Lair:5   | Identified the +2 pair of boots "Pedal" {rF+} (Okawaru gifted it to you on level 5 of the Lair of Beasts)
 28472 | Lair:5   | namelastname112: ПЕДАЛЬ
 28475 | Lair:5   | Wingboner: >ПЕДАЛЬ
 28493 | Lair:5   | Wingboner: ЛОЛ
 28506 | Lair:5   | Reached XP level 15. HP: 113/134 MP: 23/23
 28514 | Lair:5   | Wingboner: Я чуть салатом в монитор не плюнул.
 28514 | Lair:5   | namelastname112: окавару олдфажит
 28514 | Lair:5   | namelastname112: лол
 28647 | Lair:5   | namelastname112: вот ты мне скажи
 28647 | Lair:5   | namelastname112: на кой хуй девы в автопикап всю фиолетовую хуиту добавили?
 28647 | Lair:5   | namelastname112: типа этих ебаный свитков шума
 29972 | Lair:7   | Wingboner: Очевидно, потому что я их и так подбираю всегда, они ж полезные.
 29982 | Lair:7   | Reached skill level 13 in Dodging
 29997 | Lair:7   | Wingboner: А кто не хочет — легко может забанить в rc.
 30497 | Lair:7   | Found a viscous altar of Jiyva.
 30498 | Lair:7   | Found a staircase to the Slime Pits.
 30631 | Lair:7   | Noticed Kirke
 30676 | Lair:7   | Killed Kirke
 31009 | Lair:8   | Entered Level 8 of the Lair of Beasts
 31194 | Lair:8   | Received a gift from Okawaru
 31194 | Lair:8   | Reached skill level 14 in Dodging
 31579 | Lair:8   | Received a gift from Okawaru
 31825 | Lair:8   | Wingboner: О, уже 27 уворота.
 31863 | Lair:8   | Received a gift from Okawaru
 31873 | Lair:8   | Wingboner: Растёт, как на дрожжах.
 31950 | Lair:8   | Wingboner: Кинь дамп, пожалуйста.
 32030 | Lair:8   | Reached skill level 15 in Dodging
 32556 | Lair:8   | Wingboner: Ты на л3 синий посох забыл от Оки, вдруг есть желание проверить.
 32605 | Lair:8   | namelastname112: да ну
 32605 | Lair:8   | namelastname112: у меня лыжа
 32605 | Lair:8   | namelastname112: и стафф оф краш на свап
 32681 | Lair:8   | Wingboner: Ты про абилки не забывай в таких ситуациях.
 32713 | Lair:8   | Received a gift from Okawaru
 32735 | Lair:8   | Identified a +2 pair of boots of running (Okawaru gifted it to you on level 8 of the Lair of Beasts)
 32735 | Lair:8   | namelastname112: раннинг получше будет
 32735 | Lair:8   | namelastname112: как мне кажется
 32735 | Lair:8   | Wingboner: Ну ты вообще ФЛЭШ.
 32735 | Lair:8   | namelastname112: чем ПЕДАЛЬ
 32765 | Lair:7   | Wingboner: На тапках скорость, на боге скорость, на оружии скорость.
 32875 | Lair:1   | namelastname112: осталось хасту выучить
 33179 | D:13     | Wingboner: И свифт.
 33277 | D:14     | Reached XP level 16. HP: 98/141 MP: 24/24
 33424 | D:14     | Found a gate to the Vaults.
 33629 | D:14     | Wingboner: Если ты всё равно выбрасываешь, то почему не отключишь автоподбор, чтоб не париться?
 33649 | D:15     | Entered Level 15 of the Dungeon
 33671 | D:15     | namelastname112: потому что я лениывй
 33671 | D:15     | namelastname112: ленивый*
 33671 | D:15     | namelastname112: эти пидоры ведь убрали нидлстаб, да?
 33748 | D:15     | Found a basalt altar of Yredelemnul.
 33921 | D:15     | Wingboner: Так я тоже ленивый. Поэтому предпочитаю один раз решить проблему, чтоб потом годами не париться.
 33951 | D:15     | Wingboner: Да.
 33957 | D:15     | Reached skill level 16 in Dodging
 34579 | D:15     | Found a staircase to the Depths.
 34822 | D:15     | Gained mutation: Your spells are a little harder to cast, but a little more powerful. [potion of beneficial mutation]
 34922 | D:15     | namelastname112: ну пиздец
 34922 | D:15     | namelastname112: нахуй мне сдался ебаный вайлд меджик
 35548 | D:14     | Reached skill level 17 in Dodging
 36056 | Lair:1   | namelastname112: ладно
 36056 | Lair:1   | namelastname112: пойду ксено смотреть
 36056 | Lair:1   | Upgraded the game from 0.18-a0-1507-g69458e0 to 0.18-a0-1514-g6ed9364
 36202 | Elf:1    | Entered Level 1 of the Elven Halls
 36415 | Elf:1    | Found a radiant altar of Vehumet.
 36493 | Elf:1    | Received a gift from Okawaru
 36888 | Elf:1    | Received a gift from Okawaru
 37637 | Elf:1    | Received a gift from Okawaru
 38329 | Elf:1    | Reached skill level 18 in Dodging
 38722 | Elf:1    | Reached skill level 1 in Spellcasting
 38743 | Elf:2    | Received a gift from Okawaru
 38773 | Elf:2    | Reached XP level 17. HP: 110/148 MP: 25/25
 38923 | Elf:3    | Entered Level 3 of the Elven Halls
 39348 | Lair:1   | Learned a level 6 spell: Deflect Missiles
 39355 | Lair:1   | Learned a level 6 spell: Haste
 39364 | Lair:1   | Learned a level 3 spell: Ozocubu's Armour
 39457 | Swamp:1  | Entered Level 1 of the Swamp
 39591 | Swamp:1  | Reached skill level 1 in Charms
 39623 | Swamp:1  | Reached skill level 1 in Air Magic
 40090 | Swamp:1  | Reached skill level 10 in Throwing
 40113 | Swamp:1  | Gained mutation: You have a pair of small horns on your head. [mutagenic meat]
 41257 | Swamp:2  | Received a gift from Okawaru
 41894 | Swamp:3  | Noticed Roxanne
 42492 | Swamp:3  | Received a gift from Okawaru
 42895 | Swamp:3  | Gained mutation: Your flesh is heat resistant. [mutagenic meat]
 42970 | Swamp:3  | Reached skill level 5 in Air Magic
 43420 | Swamp:3  | Reached skill level 5 in Spellcasting
 43722 | Swamp:3  | Received a gift from Okawaru
 44046 | Swamp:3  | Killed Roxanne
 44147 | Swamp:4  | Entered Level 4 of the Swamp
 45650 | Swamp:4  | Received a gift from Okawaru
 45859 | Swamp:4  | Reached skill level 5 in Charms
 45893 | Swamp:4  | Received a gift from Okawaru
 45894 | Swamp:4  | Got a fine quarterstaff {god gift}
 45895 | Swamp:4  | Identified the +2 quarterstaff of Urgency {vamp, rPois Stlth+} (Okawaru gifted it to you on level 4 of the Swamp)
 46093 | Swamp:4  | Noticed a bone dragon
 46172 | Swamp:4  | Killed a bone dragon
 46172 | Swamp:4  | Reached XP level 18. HP: 142/158 MP: 20/27
 46200 | Swamp:4  | Got a decaying rune of Zot
 46803 | Lair:1   | xeno23: бросай лыжу
 46803 | Lair:1   | xeno23: у тебя такой то щит
 46803 | Lair:1   | namelastname112: не хочу
 46803 | Lair:1   | namelastname112: лол
 46803 | Lair:1   | namelastname112: я забыл эту вкладку закрыть
 46803 | Lair:1   | namelastname112: я ща на клане
 46803 | Lair:1   | xeno23: мм
 46803 | Lair:1   | xeno23: ок
 46803 | Lair:1   | Upgraded the game from 0.18-a0-1514-g6ed9364 to 0.18-a0-1521-g59d19af
 46803 | Lair:1   | Upgraded the game from 0.18-a0-1521-g59d19af to 0.18-a0-1523-gbe15c29
 47304 | D:9      | Bought a wand of disintegration (9/24) for 156 gold pieces
 47911 | Elf:3    | Received a gift from Okawaru
 47967 | Elf:3    | Cast into level 3 of the Abyss (a deep elf demonologist)
 48658 | Abyss:3  | Paralysed by accursed screaming for 1 turns
 48783 | Abyss:3  | Noticed a tentacled monstrosity
 48786 | Abyss:3  | Found a corrupted altar of Lugonu.
 48798 | Abyss:3  | Got an abyssal rune of Zot
 48810 | Abyss:3  | Killed a tentacled monstrosity
 48829 | Abyss:3  | Found a corrupted altar of Lugonu.
 48894 | Elf:3    | Escaped the Abyss
 49565 | Elf:3    | Received a gift from Okawaru
 49594 | Elf:3    | Received a gift from Okawaru
 50154 | Elf:3    | Received a gift from Okawaru
 50157 | Elf:3    | Got a slimy cloak {god gift}
 50169 | Elf:3    | Identified the -2 cloak "Ruatt" {rElec rF+ MP+9 Dex+4} (Okawaru gifted it to you on level 3 of the Elven Halls)
 50788 | Elf:3    | Got a translucent quarterstaff {crush}
 50789 | Elf:3    | Identified the +3 quarterstaff "Caciz" {crush, rF++ Int+3 SInv Stlth-} (You took it off a deep elf demonologist on level 3 of the Elven Halls)
 52030 | Elf:3    | HP: 3/160 [deep elf blademaster/quick blade (16)]
 52031 | Elf:3    | Mangled by a deep elf blademaster

Vault maps used:
D:1:      lightli_arrival_farm
D:2:      uniq_natasha, uniq_jessica
D:3:      old_standard_altar, xom_teletrap_fun, grunt_ministairs_9, tgw_trog,
          uniq_terence, uniq_robin
D:4:      evilmike_ruin_ashenzari, lemuel_doored_altar, first_bread,
          serial_shops, nicolae_shop_competitors_out_of_business,
          grunt_ministairs_12, feat_on_display, uniq_blork_the_orc, uniq_duvessa
D:5:      lemuel_round_altar, okawaru_metal_pillars_1_2
D:6:      minitemple, uniq_pikel
D:7:      kennysheep_mini_moat, temple_doors_c, grunt_livestock
D:8:      patterned_corridor
D:9:      lair_0_dummy, serial_shops, shop_fountains
D:10:     serial_bayou, serial_bayou_pond_a, serial_bayou_pond_d,
          serial_bayou_ford_a, serial_bayou_pond_a
D:11:     erik_orc_1
D:12:     hangedman_decor_growths
D:13:     serial_co_window_serial, co_window_paths_a,
          co_window_of_opportunity_a, co_window_paths_a, co_window_corner_a,
          co_window_paths_b, co_window_unsneaky_path_c, co_window_2corner,
          co_window_broadway_b, co_window_cross_4, co_window_paths_c,
          co_window_of_opportunity_b, co_window_paths_e, glass_columns_c,
          glass_columns_b, glass_columns_a, glass_columns_a, enter_bailey_2,
          serial_shops, shop
D:14:     david_vaults_5, nemelex_xobeh_ov_fountains_minmay
D:15:     grunt_enter_depths_hoard, basic_altar, hangedman_aviary
Lair:1:   minmay_lair_oklob_tunnel
Lair:2:   cheibrodos_lair_reptile_den, grunt_megastairs_5, lemuel_fruit_fields
Lair:3:   infiniplex_staircase_pool
Lair:4:   beast_lair_carwin_large_3, nicolae_swamp_entry_splash_gauntlet
Lair:5:   dummy_snake_entry, beast_lair_carwin_1, serial_bayou_shore_a
Lair:7:   slime_altar_1, hibernation_bobbens, serial_bayou_shore_b, uniq_kirke
Lair:8:   minmay_lair_end_enchanted_forest, lemuel_fruit_fields
Swamp:1:  nicolae_swamp_round_clearing
Swamp:2:  hangedman_swamp_ruin_wall
Swamp:3:  hangedman_swamp_ruin_hall, cheibrodos_swamp_kobolds, uniq_roxanne
Swamp:4:  swamp_pestilence
Orc:1:    mines3_lemuel, uniq_harold
Orc:2:    pubby_orc_utopia, serial_shops
Elf:1:    eino_elf_arrival_altar, kennysheep_underground_church
Elf:2:    minivault_16, uniq_azrael
Elf:3:    elf_hall, uniq_mara
Abyss:3:  evilmike_abyss_exit_smiterflies
Bailey:   bailey_polearm_4, bailey

Skill      XL: |  1  2  3  4  5  6  7  8  9 10 11 12 13 14 15 16 17 18 |
---------------+-------------------------------------------------------+-----
Dodging        | 3 4 5 6 7 8 9 10 12 15 18 | 18.1
Staves         | 4 5 7 8 9 11 12 13 14 | 14.6
Fighting       | 3 4 5 6 7 8 9 10 11 12 13 14 | 14.0
Invocations    | 2 4 6 7 9 10 11 | 11.2
Throwing       | 2 4 5 6 7 8 9 11 12 | 12.0
Spellcasting   | 1 6 8 |  8.0
Charms         | 5 7 |  7.3
Air Magic      | 6 9 |  9.3

Action                   |  1- 3 |  4- 6 |  7- 9 | 10-12 | 13-15 | 16-18 || total
-------------------------+-------+-------+-------+-------+-------+-------++-------
Melee: Quarterstaff      |   111 |   289 |   284 |   693 |       |    31 ||  1408
       Lajatang          |       |       |       |    66 |  2007 |  2251 ||  4324
 Fire: Blowgun           |       |     3 |       |       |    13 |     1 ||    17
Throw: Throwing net      |     1 |       |       |     3 |     2 |       ||     6
       Javelin           |       |       |       |       |    91 |    63 ||   154
Invok: Heroism           |       |       |       |     2 |     2 |     7 ||    11
       Finesse           |       |       |       |       |       |     2 ||     2
 Abil: Breathe Steam     |       |       |    14 |    62 |    35 |    31 ||   142
Evoke: Lamp of fire      |       |       |       |     1 |       |     1 ||     2
       Wand              |       |       |       |       |       |     8 ||     8
       Fan of gales      |       |       |       |       |       |     1 ||     1
  Use: Scroll            |       |       |    11 |    10 |    22 |    21 ||    64
       Potion            |       |       |       |     4 |     3 |    10 ||    17
 Stab: Held in net/web   |     1 |       |       |     8 |     4 |       ||    13
       Sleeping          |       |       |     9 |     3 |    20 |     5 ||    37
       Distracted        |       |       |     1 |     2 |     2 |     1 ||     6
       Petrifying        |       |       |       |       |     2 |       ||     2
       Petrified         |       |       |       |       |     1 |       ||     1
       Confused          |       |       |       |       |       |     2 ||     2
       Invisible         |       |       |       |       |       |     2 ||     2
  Eat: Chunk             |     3 |     8 |    14 |    12 |    50 |    38 ||   125
       Pizza             |       |       |       |     3 |     2 |     7 ||    12
       Beef jerky        |       |       |       |     4 |     3 |     4 ||    11
       Meat ration       |       |       |       |     2 |       |     3 ||     5
       Fruit             |       |       |       |     1 |       |     1 ||     2
       Royal jelly       |       |       |       |       |       |     1 ||     1
